[ AOE2 MATCH · #505303099 ]
UnrankedByzantines vs Mongols
[ REPLAY ANALYSIS · EXTRACTED FROM THE RECORDED GAME ]
Feudal
14:07
Castle
18:02
Imperial
—
| APM avg | 55.1 |
| APM peak | 130 |
| eAPM avg | 21.2 |
| Villagers / military | 135 / 100 |
Focus
⚔️ 32.6% · 🌾 67.4%
Camel Scout ×96 · Spearman ×4
Feudal
13:55
Castle
17:50
Imperial
—
| APM avg | 49.8 |
| APM peak | 101 |
| eAPM avg | 19.3 |
| Villagers / military | 145 / 66 |
Focus
⚔️ 30.3% · 🌾 69.7%
Mangudai ×53 · Mangonel ×12 · Monk ×1
Feudal
12:56
Castle
16:29
Imperial
—
| APM avg | 88.7 |
| APM peak | 210 |
| eAPM avg | 54.6 |
| Villagers / military | 145 / 39 |
Focus
⚔️ 64.0% · 🌾 36.0%
Mangudai ×38 · Monk ×1
Feudal
15:45
Castle
19:40
Imperial
34:36
| APM avg | 18.0 |
| APM peak | 54 |
| eAPM avg | 13.9 |
| Villagers / military | 169 / 17 |
Focus
⚔️ 15.4% · 🌾 84.6%
Spearman ×13 · Battle Elephant ×4
Feudal
15:28
Castle
24:50
Imperial
—
| APM avg | 24.8 |
| APM peak | 52 |
| eAPM avg | 12.8 |
| Villagers / military | 96 / 60 |
Focus
⚔️ 26.1% · 🌾 73.9%
Spearman ×51 · Militia ×9
Feudal
14:01
Castle
17:34
Imperial
36:28
| APM avg | 72.5 |
| APM peak | 151 |
| eAPM avg | 48.9 |
| Villagers / military | 210 / 63 |
Focus
⚔️ 41.1% · 🌾 58.9%
Elephant Archer ×63
Feudal
15:29
Castle
20:26
Imperial
—
| APM avg | 22.8 |
| APM peak | 55 |
| eAPM avg | 7.7 |
| Villagers / military | 51 / 51 |
Focus
⚔️ 40.0% · 🌾 60.0%
Militia ×51
Feudal
14:02
Castle
17:33
Imperial
36:58
| APM avg | 24.9 |
| APM peak | 110 |
| eAPM avg | 14.4 |
| Villagers / military | 139 / 125 |
Focus
⚔️ 25.8% · 🌾 74.2%
Monaspa ×123 · Monk ×2
Match map
Initial resources + every placement click. Lines = walls · curves = elevation contours. ◆ gold · ⬟ stone · ● berries · ✦ relic · ◌ wall gap
Your base· Open — unwalled flank
天空6's base· Open — unwalled flank
VIT | Hera's base· Open — unwalled flank
noloomregret's base· Open — unwalled flank
700w's base· Open — unwalled flank
GreenBeret's base· Open — unwalled flank
lillithadam20's base· Open — unwalled flank
Lord Snow's base· Open — unwalled flank
Smoothed initial terrain · ◌ = detected wall gap · hover for details
Inputs per minute
— JokaDaJesta - - 天空6
Build order — JokaDaJesta
First 150 of 330 actions detected
| 0:30 | Build | Town Center |
| 0:46 | Build | Lumber Camp |
| 2:34 | Build | House |
| 2:47 | Create | Villager (Male) |
| 2:47 | Create | Villager (Male) |
| 2:48 | Create | Villager (Male) |
| 2:50 | Create | Villager (Male) |
| 2:50 | Create | Villager (Male) |
| 3:15 | Research | Loom |
| 3:15 | Research | Loom |
| 3:16 | Create | Villager (Male) |
| 3:16 | Create | Villager (Male) |
| 3:16 | Create | Villager (Male) |
| 3:53 | Create | Villager (Male) |
| 3:53 | Create | Villager (Male) |
| 4:43 | Build | House |
| 4:43 | Create | Villager (Male) |
| 5:20 | Create | Villager (Male) |
| 5:20 | Create | Villager (Male) |
| 5:20 | Create | Villager (Male) |
| 5:42 | Create | Villager (Male) |
| 5:42 | Create | Villager (Male) |
| 6:10 | Create | Villager (Male) |
| 6:10 | Create | Villager (Male) |
| 6:50 | Create | Villager (Male) |
| 6:51 | Create | Villager (Male) |
| 6:51 | Create | Villager (Male) |
| 7:14 | Create | Villager (Male) |
| 7:14 | Create | Villager (Male) |
| 7:20 | Create | Villager (Male) |
| 7:26 | Build | House |
| 8:54 | Create | Villager (Male) |
| 9:03 | Create | Villager (Male) |
| 9:06 | Build | House |
| 9:13 | Create | Villager (Male) |
| 9:26 | Build | Mill |
| 9:27 | Create | Villager (Male) |
| 9:28 | Create | Villager (Male) |
| 9:45 | Create | Villager (Male) |
| 9:51 | Build | House |
| 10:01 | Create | Villager (Male) |
| 10:10 | Build | House |
| 10:20 | Create | Villager (Male) |
| 10:21 | Create | Villager (Male) |
| 10:34 | Create | Villager (Male) |
| 10:34 | Create | Villager (Male) |
| 10:43 | Create | Villager (Male) |
| 10:47 | Create | Villager (Male) |
| 11:10 | Build | Mining Camp |
| 11:54 | Research | Feudal Age |
| 11:54 | Research | Feudal Age |
| 12:13 | Build | Lumber Camp |
| 12:56 | Build | House |
| 13:33 | Create | Villager (Male) |
| 13:33 | Create | Villager (Male) |
| 14:07 | Age | Feudal Age |
| 14:17 | Build | Market |
| 14:21 | Create | Villager (Male) |
| 14:29 | Build | Blacksmith |
| 14:54 | Create | Villager (Male) |
| 15:11 | Research | Castle Age |
| 15:11 | Research | Castle Age |
| 15:30 | Research | Double-Bit Axe |
| 15:31 | Research | Double-Bit Axe |
| 15:35 | Build | Barracks |
| 16:38 | Create | Villager (Male) |
| 16:57 | Create | Villager (Male) |
| 17:06 | Build | Stable |
| 17:36 | Build | Stable |
| 17:47 | Create | Villager (Male) |
| 17:59 | Research | Horse Collar |
| 18:00 | Research | Horse Collar |
| 18:02 | Age | Castle Age |
| 18:04 | Create | Camel Scout |
| 18:06 | Create | Camel Scout |
| 18:27 | Build | House |
| 18:29 | Create | Villager (Male) |
| 18:38 | Build | Town Center |
| 18:44 | Create | Villager (Male) |
| 18:44 | Create | Villager (Male) |
| 18:48 | Create | Camel Scout |
| 18:53 | Create | Camel Scout |
| 18:53 | Create | Camel Scout |
| 18:53 | Create | Camel Scout |
| 18:53 | Create | Camel Scout |
| 19:01 | Create | Villager (Male) |
| 19:01 | Create | Villager (Male) |
| 19:24 | Create | Camel Scout |
| 19:24 | Create | Camel Scout |
| 19:25 | Create | Camel Scout |
| 19:25 | Create | Camel Scout |
| 19:32 | Build | Farm |
| 19:32 | Build | Farm |
| 19:33 | Build | Farm |
| 19:37 | Build | Farm |
| 19:39 | Build | Farm |
| 19:42 | Build | Farm |
| 19:43 | Create | Villager (Male) |
| 19:49 | Build | House |
| 19:54 | Create | Villager (Male) |
| 19:54 | Create | Villager (Male) |
| 20:13 | Research | Husbandry |
| 20:13 | Research | Husbandry |
| 20:18 | Build | Farm |
| 20:23 | Build | Farm |
| 20:35 | Create | Villager (Male) |
| 20:35 | Create | Villager (Male) |
| 20:44 | Create | Camel Scout |
| 20:45 | Create | Camel Scout |
| 20:55 | Create | Villager (Male) |
| 20:55 | Create | Villager (Male) |
| 21:00 | Build | Farm |
| 21:13 | Create | Camel Scout |
| 21:25 | Create | Camel Scout |
| 21:26 | Create | Camel Scout |
| 21:26 | Create | Camel Scout |
| 21:35 | Create | Villager (Male) |
| 21:35 | Create | Villager (Male) |
| 21:54 | Create | Villager (Male) |
| 21:54 | Create | Villager (Male) |
| 21:58 | Create | Villager (Male) |
| 21:58 | Create | Villager (Male) |
| 21:59 | Build | Farm |
| 22:12 | Create | Spearman |
| 22:13 | Create | Spearman |
| 22:13 | Create | Spearman |
| 22:13 | Create | Spearman |
| 22:20 | Create | Camel Scout |
| 22:20 | Create | Camel Scout |
| 22:20 | Create | Camel Scout |
| 22:24 | Create | Camel Scout |
| 22:24 | Create | Camel Scout |
| 22:32 | Create | Villager (Male) |
| 22:33 | Create | Villager (Male) |
| 22:33 | Create | Villager (Male) |
| 22:55 | Research | Scale Barding Armor |
| 22:55 | Research | Scale Barding Armor |
| 23:24 | Create | Camel Scout |
| 23:24 | Create | Camel Scout |
| 23:26 | Create | Villager (Male) |
| 23:26 | Create | Villager (Male) |
| 23:26 | Create | Villager (Male) |
| 23:29 | Build | Farm |
| 23:30 | Build | Farm |
| 23:31 | Build | Farm |
| 23:31 | Build | Farm |
| 23:34 | Build | House |
| 23:34 | Build | House |
| 23:41 | Create | Villager (Male) |
| 23:41 | Create | Villager (Male) |
Build order — 天空6
First 150 of 336 actions detected
| 0:30 | Build | Town Center |
| 2:31 | Build | House |
| 2:40 | Build | House |
| 2:51 | Build | House |
| 3:03 | Build | House |
| 3:07 | Create | Villager (Male) |
| 3:07 | Create | Villager (Male) |
| 3:09 | Build | House |
| 3:09 | Create | Villager (Male) |
| 3:10 | Create | Villager (Male) |
| 3:16 | Build | House |
| 3:27 | Build | House |
| 4:17 | Build | House |
| 4:46 | Create | Villager (Male) |
| 4:47 | Create | Villager (Male) |
| 4:47 | Create | Villager (Male) |
| 5:45 | Build | House |
| 5:52 | Create | Villager (Male) |
| 5:52 | Create | Villager (Male) |
| 5:53 | Create | Villager (Male) |
| 5:54 | Create | Villager (Male) |
| 5:54 | Create | Villager (Male) |
| 5:57 | Build | House |
| 6:07 | Build | House |
| 6:13 | Build | House |
| 6:22 | Build | House |
| 6:31 | Build | House |
| 6:48 | Create | Villager (Male) |
| 6:48 | Create | Villager (Male) |
| 6:48 | Create | Villager (Male) |
| 7:13 | Create | Villager (Male) |
| 7:13 | Create | Villager (Male) |
| 7:43 | Build | House |
| 7:50 | Create | Villager (Male) |
| 7:50 | Create | Villager (Male) |
| 7:54 | Create | Villager (Male) |
| 7:55 | Create | Villager (Male) |
| 7:55 | Create | Villager (Male) |
| 7:55 | Create | Villager (Male) |
| 7:58 | Build | House |
| 8:02 | Create | Villager (Male) |
| 8:02 | Create | Villager (Male) |
| 8:03 | Create | Villager (Male) |
| 8:04 | Build | House |
| 8:10 | Build | House |
| 8:21 | Build | House |
| 8:44 | Create | Villager (Male) |
| 8:45 | Create | Villager (Male) |
| 8:46 | Create | Villager (Male) |
| 8:54 | Create | Villager (Male) |
| 8:54 | Create | Villager (Male) |
| 9:13 | Create | Villager (Male) |
| 9:13 | Create | Villager (Male) |
| 9:22 | Build | Lumber Camp |
| 9:31 | Build | House |
| 10:11 | Build | Mill |
| 10:12 | Create | Villager (Male) |
| 10:12 | Create | Villager (Male) |
| 10:36 | Build | House |
| 10:42 | Create | Villager (Male) |
| 10:43 | Create | Villager (Male) |
| 10:43 | Create | Villager (Male) |
| 10:47 | Build | House |
| 10:56 | Build | House |
| 11:26 | Research | Feudal Age |
| 11:26 | Research | Feudal Age |
| 11:57 | Build | Mining Camp |
| 12:33 | Research | Loom |
| 12:43 | Build | House |
| 12:49 | Build | House |
| 13:02 | Build | House |
| 13:15 | Build | House |
| 13:27 | Build | House |
| 13:55 | Age | Feudal Age |
| 13:56 | Build | House |
| 13:57 | Create | Villager (Male) |
| 13:58 | Create | Villager (Male) |
| 13:59 | Build | Blacksmith |
| 14:02 | Build | Market |
| 14:54 | Build | Mining Camp |
| 15:05 | Research | Castle Age |
| 15:05 | Research | Castle Age |
| 15:23 | Research | Stone Mining |
| 15:24 | Research | Stone Mining |
| 15:42 | Research | Double-Bit Axe |
| 15:42 | Research | Double-Bit Axe |
| 16:22 | Build | House |
| 16:40 | Research | Fletching |
| 16:40 | Research | Fletching |
| 16:43 | Create | Villager (Male) |
| 17:17 | Create | Villager (Male) |
| 17:17 | Create | Villager (Male) |
| 17:27 | Create | Villager (Male) |
| 17:27 | Create | Villager (Male) |
| 17:50 | Age | Castle Age |
| 17:52 | Build | Castle |
| 17:54 | Create | Villager (Male) |
| 17:54 | Create | Villager (Male) |
| 17:55 | Create | Villager (Male) |
| 17:59 | Research | Bow Saw |
| 18:00 | Research | Bow Saw |
| 18:18 | Research | Gold Mining |
| 18:18 | Research | Gold Mining |
| 18:20 | Create | Villager (Male) |
| 18:37 | Create | Mangudai |
| 18:37 | Create | Mangudai |
| 18:37 | Create | Mangudai |
| 18:40 | Create | Villager (Male) |
| 18:41 | Create | Villager (Male) |
| 18:41 | Create | Villager (Male) |
| 19:07 | Create | Villager (Male) |
| 19:07 | Create | Villager (Male) |
| 19:20 | Create | Mangudai |
| 19:26 | Create | Villager (Male) |
| 19:27 | Create | Villager (Male) |
| 19:27 | Create | Villager (Male) |
| 19:39 | Create | Villager (Male) |
| 19:49 | Create | Mangudai |
| 19:49 | Create | Mangudai |
| 19:57 | Create | Villager (Male) |
| 19:57 | Create | Villager (Male) |
| 19:59 | Build | Farm |
| 20:04 | Create | Villager (Male) |
| 20:04 | Create | Villager (Male) |
| 20:07 | Create | Mangudai |
| 20:07 | Create | Mangudai |
| 20:23 | Create | Villager (Male) |
| 20:23 | Create | Villager (Male) |
| 20:30 | Create | Mangudai |
| 20:30 | Create | Mangudai |
| 20:39 | Research | Gold Shaft Mining |
| 20:39 | Research | Gold Shaft Mining |
| 20:40 | Create | Villager (Male) |
| 20:40 | Create | Villager (Male) |
| 21:02 | Research | Bodkin Arrow |
| 21:03 | Research | Bodkin Arrow |
| 21:06 | Create | Villager (Male) |
| 21:07 | Create | Villager (Male) |
| 21:07 | Create | Villager (Male) |
| 21:09 | Create | Villager (Male) |
| 21:10 | Create | Villager (Male) |
| 21:19 | Build | Town Center |
| 21:21 | Create | Villager (Male) |
| 21:21 | Create | Villager (Male) |
| 21:35 | Create | Mangudai |
| 21:40 | Research | Padded Archer Armor |
| 21:40 | Research | Padded Archer Armor |
| 21:45 | Create | Mangudai |
| 21:45 | Create | Mangudai |
| 21:51 | Create | Villager (Male) |
Build order — VIT | Hera
First 150 of 327 actions detected
| 0:12 | Build | Town Center |
| 1:47 | Build | House |
| 2:26 | Create | Villager (Male) |
| 2:29 | Create | Villager (Male) |
| 2:29 | Create | Villager (Male) |
| 2:43 | Create | Villager (Male) |
| 2:43 | Create | Villager (Male) |
| 3:42 | Create | Villager (Male) |
| 3:55 | Create | Villager (Male) |
| 4:12 | Build | House |
| 4:19 | Build | House |
| 4:22 | Build | House |
| 4:24 | Build | Lumber Camp |
| 4:26 | Create | Villager (Male) |
| 5:11 | Create | Villager (Male) |
| 5:11 | Create | Villager (Male) |
| 5:48 | Build | House |
| 5:55 | Create | Villager (Male) |
| 5:56 | Create | Villager (Male) |
| 6:08 | Create | Villager (Male) |
| 6:08 | Create | Villager (Male) |
| 6:08 | Create | Villager (Male) |
| 6:09 | Create | Villager (Male) |
| 6:50 | Create | Villager (Male) |
| 6:50 | Create | Villager (Male) |
| 6:51 | Create | Villager (Male) |
| 6:51 | Create | Villager (Male) |
| 7:27 | Build | Mill |
| 8:13 | Build | House |
| 8:13 | Build | House |
| 8:20 | Create | Villager (Male) |
| 8:25 | Create | Villager (Male) |
| 8:32 | Build | Palisade Wall |
| 8:34 | Create | Villager (Male) |
| 8:34 | Create | Villager (Male) |
| 8:34 | Create | Villager (Male) |
| 9:26 | Create | Villager (Male) |
| 9:27 | Create | Villager (Male) |
| 9:28 | Create | Villager (Male) |
| 9:28 | Create | Villager (Male) |
| 9:28 | Create | Villager (Male) |
| 9:28 | Create | Villager (Male) |
| 9:29 | Create | Villager (Male) |
| 10:24 | Build | Mining Camp |
| 10:37 | Research | Feudal Age |
| 10:47 | Build | House |
| 11:08 | Build | House |
| 12:11 | Create | Villager (Male) |
| 12:56 | Age | Feudal Age |
| 12:59 | Build | Market |
| 13:00 | Build | Blacksmith |
| 13:07 | Research | Double-Bit Axe |
| 13:08 | Research | Double-Bit Axe |
| 13:22 | Research | Loom |
| 13:22 | Research | Loom |
| 13:49 | Research | Castle Age |
| 13:49 | Research | Castle Age |
| 14:11 | Build | House |
| 14:12 | Build | House |
| 14:13 | Build | House |
| 14:14 | Build | House |
| 14:16 | Build | Palisade Wall |
| 14:35 | Build | Watch Tower |
| 14:45 | Build | Palisade Gate |
| 14:46 | Build | House |
| 14:47 | Build | House |
| 14:50 | Build | Palisade Wall |
| 14:51 | Build | Palisade Wall |
| 14:57 | Build | Palisade Wall |
| 14:58 | Build | Palisade Wall |
| 15:00 | Build | Palisade Wall |
| 15:35 | Build | Palisade Wall |
| 15:40 | Create | Villager (Male) |
| 16:29 | Age | Castle Age |
| 16:41 | Create | Villager (Male) |
| 16:41 | Create | Villager (Male) |
| 16:55 | Create | Villager (Male) |
| 16:57 | Create | Villager (Male) |
| 17:10 | Create | Villager (Male) |
| 17:19 | Create | Villager (Male) |
| 17:30 | Build | Castle |
| 17:37 | Build | House |
| 17:40 | Build | House |
| 17:42 | Build | Palisade Wall |
| 17:46 | Create | Villager (Male) |
| 17:59 | Create | Villager (Male) |
| 18:17 | Research | Horse Collar |
| 18:17 | Research | Horse Collar |
| 18:19 | Build | Mining Camp |
| 18:22 | Build | Farm |
| 18:24 | Build | Farm |
| 18:29 | Create | Villager (Male) |
| 18:43 | Build | Farm |
| 18:46 | Build | Farm |
| 18:49 | Build | Farm |
| 18:52 | Create | Villager (Male) |
| 19:00 | Build | Farm |
| 19:15 | Create | Villager (Male) |
| 19:15 | Create | Villager (Male) |
| 19:15 | Create | Villager (Male) |
| 19:27 | Build | Farm |
| 19:28 | Create | Mangudai |
| 19:29 | Create | Mangudai |
| 19:34 | Create | Villager (Male) |
| 19:40 | Build | Farm |
| 19:48 | Create | Villager (Male) |
| 19:48 | Create | Villager (Male) |
| 19:59 | Create | Mangudai |
| 20:02 | Build | Farm |
| 20:12 | Build | Lumber Camp |
| 20:20 | Create | Villager (Male) |
| 20:23 | Create | Mangudai |
| 20:23 | Create | Mangudai |
| 20:42 | Create | Villager (Male) |
| 20:50 | Create | Mangudai |
| 20:58 | Create | Villager (Male) |
| 21:12 | Create | Mangudai |
| 21:13 | Create | Villager (Male) |
| 21:13 | Create | Villager (Male) |
| 21:24 | Create | Mangudai |
| 22:05 | Build | Farm |
| 22:06 | Create | Villager (Male) |
| 22:07 | Create | Mangudai |
| 22:15 | Research | Bow Saw |
| 22:16 | Create | Villager (Male) |
| 22:21 | Build | University |
| 22:33 | Create | Mangudai |
| 22:34 | Create | Mangudai |
| 22:45 | Create | Villager (Male) |
| 22:46 | Create | Villager (Male) |
| 22:58 | Create | Mangudai |
| 22:58 | Create | Mangudai |
| 23:23 | Create | Villager (Male) |
| 23:29 | Build | Barracks |
| 23:34 | Build | Monastery |
| 23:40 | Create | Villager (Male) |
| 23:57 | Create | Villager (Male) |
| 24:13 | Create | Mangudai |
| 24:15 | Create | Villager (Male) |
| 24:15 | Create | Villager (Male) |
| 24:33 | Research | Herbal Medicine |
| 24:33 | Research | Herbal Medicine |
| 24:36 | Build | Stable |
| 24:40 | Create | Villager (Male) |
| 24:40 | Create | Villager (Male) |
| 24:48 | Build | Mill |
| 24:48 | Build | Farm |
| 24:48 | Build | Farm |
| 24:49 | Build | Farm |
| 24:49 | Build | Farm |
Build order — noloomregret
First 150 of 274 actions detected
| 0:51 | Build | Town Center |
| 2:11 | Build | House |
| 2:13 | Build | House |
| 3:02 | Create | Villager (Male) |
| 3:02 | Create | Villager (Male) |
| 3:02 | Create | Villager (Male) |
| 3:11 | Create | Villager (Male) |
| 3:53 | Build | House |
| 4:43 | Create | Villager (Male) |
| 5:10 | Create | Villager (Male) |
| 5:11 | Create | Villager (Male) |
| 5:18 | Build | Lumber Camp |
| 5:55 | Create | Villager (Male) |
| 5:56 | Create | Villager (Male) |
| 6:28 | Create | Villager (Male) |
| 6:28 | Create | Villager (Male) |
| 7:17 | Build | House |
| 7:18 | Build | House |
| 7:26 | Create | Villager (Male) |
| 7:26 | Create | Villager (Male) |
| 7:26 | Create | Villager (Male) |
| 7:27 | Create | Villager (Male) |
| 7:27 | Create | Villager (Male) |
| 8:41 | Build | Mill |
| 8:57 | Build | House |
| 9:07 | Build | House |
| 9:25 | Create | Villager (Male) |
| 9:25 | Create | Villager (Male) |
| 9:26 | Create | Villager (Male) |
| 9:27 | Create | Villager (Male) |
| 9:55 | Create | Villager (Male) |
| 9:55 | Create | Villager (Male) |
| 10:45 | Build | Mill |
| 10:55 | Create | Villager (Male) |
| 11:28 | Create | Villager (Male) |
| 11:51 | Create | Villager (Male) |
| 12:28 | Create | Villager (Male) |
| 12:29 | Create | Villager (Male) |
| 12:36 | Research | Loom |
| 12:36 | Create | Villager (Male) |
| 12:44 | Research | Loom |
| 13:32 | Research | Feudal Age |
| 13:42 | Build | House |
| 13:43 | Build | House |
| 13:56 | Build | Palisade Wall |
| 14:00 | Create | Villager (Male) |
| 14:00 | Create | Villager (Male) |
| 14:27 | Build | Palisade Wall |
| 14:32 | Build | Palisade Wall |
| 14:51 | Build | Palisade Wall |
| 15:40 | Build | House |
| 15:45 | Age | Feudal Age |
| 15:55 | Build | Blacksmith |
| 16:02 | Build | Palisade Wall |
| 16:10 | Build | Market |
| 16:21 | Create | Villager (Male) |
| 16:29 | Research | Double-Bit Axe |
| 16:48 | Research | Castle Age |
| 17:14 | Build | Farm |
| 17:14 | Build | Farm |
| 17:14 | Build | Farm |
| 17:15 | Build | Farm |
| 17:15 | Build | Farm |
| 17:15 | Build | Farm |
| 17:15 | Build | Farm |
| 17:16 | Build | Farm |
| 17:16 | Build | Farm |
| 17:40 | Build | House |
| 17:42 | Build | House |
| 17:50 | Build | Palisade Wall |
| 18:31 | Research | Horse Collar |
| 18:49 | Build | Lumber Camp |
| 18:56 | Create | Villager (Male) |
| 18:56 | Create | Villager (Male) |
| 19:40 | Age | Castle Age |
| 19:43 | Build | House |
| 19:46 | Build | House |
| 19:47 | Build | House |
| 20:05 | Build | Town Center |
| 20:10 | Build | Town Center |
| 20:12 | Create | Villager (Male) |
| 20:12 | Create | Villager (Male) |
| 20:20 | Build | Farm |
| 20:20 | Build | Farm |
| 20:24 | Build | House |
| 20:26 | Build | House |
| 20:30 | Build | House |
| 20:32 | Create | Villager (Male) ×4 |
| 20:42 | Build | Farm |
| 21:10 | Build | Farm |
| 21:28 | Build | House |
| 21:29 | Build | House |
| 21:32 | Build | House |
| 21:35 | Create | Villager (Male) |
| 21:46 | Create | Villager (Male) |
| 21:46 | Create | Villager (Male) |
| 21:46 | Create | Villager (Male) |
| 21:55 | Build | Farm |
| 21:56 | Build | Farm |
| 21:56 | Build | Farm |
| 21:56 | Build | Farm |
| 21:56 | Build | Farm |
| 21:56 | Build | Farm |
| 21:57 | Build | Farm |
| 22:03 | Create | Villager (Male) |
| 22:03 | Create | Villager (Male) |
| 22:15 | Build | Farm |
| 22:25 | Build | Farm |
| 22:25 | Build | Farm |
| 22:26 | Build | Farm |
| 22:26 | Build | Farm |
| 22:26 | Build | Farm |
| 22:27 | Build | Farm |
| 22:27 | Build | Farm |
| 22:27 | Build | Farm |
| 22:27 | Build | Farm |
| 22:27 | Build | Farm |
| 22:30 | Create | Villager (Male) |
| 22:44 | Build | Farm |
| 22:46 | Create | Villager (Male) |
| 22:51 | Build | Farm |
| 22:56 | Build | House |
| 22:58 | Create | Villager (Male) |
| 23:05 | Build | Farm |
| 23:10 | Create | Villager (Male) |
| 23:10 | Create | Villager (Male) |
| 23:16 | Build | Farm |
| 23:17 | Build | Farm |
| 23:23 | Build | Farm |
| 23:26 | Create | Villager (Male) |
| 23:35 | Create | Villager (Male) |
| 23:48 | Build | Barracks |
| 23:57 | Create | Villager (Male) ×2 |
| 23:57 | Create | Villager (Male) ×2 |
| 24:02 | Build | Farm |
| 24:02 | Build | Farm |
| 24:24 | Research | Bow Saw |
| 24:44 | Create | Villager (Male) ×2 |
| 24:45 | Create | Villager (Male) ×2 |
| 24:56 | Create | Villager (Male) ×2 |
| 24:56 | Create | Villager (Male) ×2 |
| 25:05 | Build | Farm |
| 25:05 | Build | Farm |
| 25:05 | Build | Farm |
| 25:05 | Build | Farm |
| 25:05 | Build | Farm |
| 25:06 | Build | Farm |
| 25:09 | Build | Farm |
| 25:09 | Build | Farm |
| 25:09 | Build | Farm |
Build order — 700w
First 150 of 244 actions detected
| 1:10 | Build | Town Center |
| 3:11 | Create | Villager (Male) |
| 3:11 | Create | Villager (Male) |
| 3:11 | Create | Villager (Male) |
| 3:11 | Create | Villager (Male) |
| 3:22 | Research | Loom |
| 3:23 | Create | Villager (Male) |
| 3:23 | Create | Villager (Male) |
| 3:24 | Create | Villager (Male) |
| 3:24 | Create | Villager (Male) |
| 3:35 | Build | Mill |
| 4:35 | Build | House |
| 4:53 | Create | Villager (Male) |
| 6:19 | Build | House |
| 6:21 | Build | House |
| 6:38 | Create | Villager (Male) |
| 6:38 | Create | Villager (Male) |
| 6:38 | Create | Villager (Male) |
| 6:53 | Build | Palisade Wall |
| 6:58 | Create | Villager (Male) |
| 6:59 | Create | Villager (Male) |
| 7:08 | Create | Villager (Male) |
| 7:32 | Create | Villager (Male) |
| 7:33 | Create | Villager (Male) |
| 7:33 | Create | Villager (Male) |
| 7:34 | Create | Villager (Male) |
| 7:34 | Create | Villager (Male) |
| 8:16 | Create | Villager (Male) |
| 8:17 | Create | Villager (Male) |
| 9:15 | Create | Villager (Male) |
| 9:15 | Create | Villager (Male) |
| 9:45 | Create | Villager (Male) |
| 9:45 | Create | Villager (Male) |
| 9:45 | Create | Villager (Male) |
| 9:46 | Create | Villager (Male) |
| 9:46 | Create | Villager (Male) |
| 10:10 | Build | Outpost |
| 10:12 | Build | House |
| 10:21 | Build | Palisade Wall |
| 10:24 | Create | Villager (Male) |
| 10:25 | Create | Villager (Male) |
| 10:25 | Create | Villager (Male) |
| 10:25 | Create | Villager (Male) |
| 11:27 | Create | Villager (Male) |
| 11:27 | Create | Villager (Male) |
| 11:28 | Create | Villager (Male) |
| 11:55 | Build | Barracks |
| 12:00 | Create | Villager (Male) |
| 12:00 | Create | Villager (Male) |
| 12:34 | Build | House |
| 12:41 | Build | House |
| 12:55 | Build | Mill |
| 13:02 | Research | Feudal Age |
| 13:14 | Create | Militia |
| 13:15 | Create | Militia |
| 13:44 | Build | Mill |
| 13:59 | Create | Militia |
| 14:05 | Create | Militia |
| 14:05 | Create | Militia |
| 14:26 | Create | Militia |
| 14:26 | Create | Militia |
| 14:50 | Create | Villager (Male) |
| 14:50 | Create | Villager (Male) |
| 15:08 | Create | Militia |
| 15:08 | Create | Militia |
| 15:28 | Age | Feudal Age |
| 15:35 | Create | Villager (Male) |
| 15:36 | Create | Villager (Male) |
| 16:16 | Build | Watch Tower |
| 16:31 | Research | Man-at-Arms (upgrade) |
| 16:31 | Research | Man-at-Arms (upgrade) |
| 16:34 | Create | Villager (Male) |
| 16:34 | Create | Villager (Male) |
| 16:34 | Create | Villager (Male) |
| 16:35 | Create | Villager (Male) |
| 16:40 | Build | Mill |
| 16:51 | Create | Villager (Male) |
| 16:51 | Create | Villager (Male) |
| 16:59 | Build | Mining Camp |
| 17:10 | Build | Palisade Wall |
| 17:11 | Build | Palisade Wall |
| 17:12 | Build | Palisade Wall |
| 17:12 | Build | Palisade Wall |
| 17:13 | Build | Palisade Wall |
| 17:29 | Build | Blacksmith |
| 17:34 | Create | Villager (Male) |
| 17:34 | Create | Villager (Male) |
| 17:55 | Build | House |
| 17:56 | Build | House |
| 17:58 | Build | House |
| 18:20 | Create | Villager (Male) |
| 18:20 | Create | Villager (Male) |
| 18:36 | Create | Villager (Male) |
| 18:36 | Create | Villager (Male) |
| 18:36 | Create | Villager (Male) |
| 19:00 | Create | Villager (Male) |
| 19:23 | Build | House |
| 19:38 | Build | House |
| 20:54 | Build | Watch Tower |
| 21:17 | Create | Villager (Male) |
| 21:17 | Create | Villager (Male) |
| 21:34 | Build | Market |
| 22:10 | Research | Castle Age |
| 22:10 | Research | Wheelbarrow |
| 22:11 | Create | Villager (Male) |
| 22:11 | Create | Villager (Male) |
| 22:43 | Build | Mill |
| 22:51 | Build | Watch Tower |
| 23:32 | Build | House |
| 23:35 | Build | House |
| 23:37 | Build | House |
| 23:40 | Build | House |
| 23:43 | Build | House |
| 24:01 | Create | Villager (Male) |
| 24:02 | Create | Villager (Male) |
| 24:02 | Create | Villager (Male) |
| 24:20 | Build | Barracks |
| 24:22 | Build | Barracks |
| 24:24 | Build | Barracks |
| 24:50 | Age | Castle Age |
| 25:23 | Create | Villager (Male) |
| 25:23 | Create | Villager (Male) |
| 25:24 | Create | Villager (Male) |
| 25:30 | Research | Pikeman (upgrade) |
| 25:30 | Research | Squires |
| 26:15 | Create | Spearman |
| 26:16 | Create | Spearman |
| 26:16 | Create | Spearman |
| 26:16 | Create | Spearman |
| 26:17 | Create | Spearman |
| 26:17 | Create | Spearman |
| 26:42 | Build | Castle |
| 26:53 | Build | House |
| 26:55 | Build | House |
| 27:11 | Create | Villager (Male) |
| 27:11 | Create | Villager (Male) |
| 27:11 | Create | Villager (Male) |
| 27:15 | Create | Spearman |
| 27:16 | Create | Spearman |
| 27:16 | Create | Spearman |
| 27:16 | Create | Spearman |
| 28:22 | Create | Spearman |
| 28:22 | Create | Spearman |
| 28:22 | Create | Spearman |
| 28:23 | Create | Spearman |
| 28:23 | Create | Spearman |
| 28:35 | Build | House |
| 28:36 | Build | House |
| 28:37 | Build | House |
| 28:38 | Build | House |
Build order — GreenBeret
First 150 of 504 actions detected
| 1:13 | Build | Town Center |
| 3:05 | Create | Villager (Male) |
| 3:06 | Create | Villager (Male) |
| 3:06 | Create | Villager (Male) |
| 3:06 | Create | Villager (Male) |
| 3:06 | Create | Villager (Male) |
| 3:20 | Build | House |
| 4:14 | Create | Villager (Male) |
| 4:34 | Create | Villager (Male) |
| 4:35 | Create | Villager (Male) |
| 4:57 | Build | Lumber Camp |
| 5:04 | Build | House |
| 5:08 | Create | Villager (Male) |
| 5:08 | Create | Villager (Male) |
| 5:43 | Create | Villager (Male) |
| 5:43 | Create | Villager (Male) |
| 5:55 | Create | Villager (Male) |
| 5:56 | Create | Villager (Male) |
| 6:13 | Create | Villager (Male) |
| 6:13 | Create | Villager (Male) |
| 6:13 | Create | Villager (Male) |
| 6:31 | Create | Villager (Male) |
| 6:53 | Create | Villager (Male) |
| 6:54 | Create | Villager (Male) |
| 6:57 | Build | House |
| 7:51 | Build | Mill |
| 8:01 | Create | Villager (Male) |
| 8:01 | Create | Villager (Male) |
| 8:01 | Create | Villager (Male) |
| 8:02 | Create | Villager (Male) |
| 8:02 | Create | Villager (Male) |
| 8:51 | Create | Villager (Male) |
| 8:55 | Create | Villager (Male) |
| 9:08 | Build | House |
| 9:17 | Build | House |
| 9:34 | Build | House |
| 9:37 | Create | Villager (Male) |
| 10:10 | Create | Villager (Male) |
| 11:23 | Create | Villager (Male) |
| 11:47 | Research | Feudal Age |
| 11:48 | Create | Villager (Male) |
| 11:48 | Create | Villager (Male) |
| 12:10 | Build | Barracks |
| 12:36 | Build | Mining Camp |
| 12:42 | Build | House |
| 13:28 | Build | House |
| 13:40 | Build | House |
| 14:01 | Age | Feudal Age |
| 14:04 | Build | Blacksmith |
| 14:09 | Build | Archery Range |
| 14:41 | Research | Double-Bit Axe |
| 14:54 | Research | Castle Age |
| 14:54 | Research | Castle Age |
| 17:00 | Create | Villager (Male) |
| 17:34 | Create | Villager (Male) |
| 17:34 | Age | Castle Age |
| 17:37 | Build | Town Center |
| 17:40 | Build | Town Center |
| 17:50 | Build | Town Center |
| 17:54 | Create | Villager (Male) |
| 18:26 | Research | Bow Saw |
| 18:26 | Research | Bow Saw |
| 18:27 | Create | Villager (Male) |
| 18:41 | Create | Villager (Male) |
| 18:42 | Create | Villager (Male) |
| 18:55 | Create | Villager (Male) |
| 18:56 | Create | Villager (Male) |
| 18:57 | Build | Farm |
| 19:11 | Create | Villager (Male) |
| 19:11 | Create | Villager (Male) |
| 19:18 | Build | Farm |
| 19:19 | Create | Villager (Male) |
| 19:22 | Build | Farm |
| 19:36 | Build | Farm |
| 19:41 | Create | Villager (Male) |
| 19:42 | Create | Villager (Male) |
| 19:42 | Create | Villager (Male) |
| 19:48 | Build | Farm |
| 19:54 | Research | Loom |
| 19:56 | Build | Farm |
| 20:03 | Create | Villager (Male) |
| 20:03 | Create | Villager (Male) |
| 20:07 | Build | Farm |
| 20:11 | Create | Villager (Male) |
| 20:11 | Create | Villager (Male) |
| 20:11 | Create | Villager (Male) |
| 20:17 | Build | Farm |
| 20:20 | Create | Villager (Male) |
| 20:20 | Create | Villager (Male) |
| 20:30 | Create | Villager (Male) |
| 20:30 | Create | Villager (Male) |
| 20:31 | Build | Farm |
| 20:33 | Create | Villager (Male) |
| 20:33 | Create | Villager (Male) |
| 20:41 | Build | House |
| 20:42 | Build | House |
| 20:42 | Create | Villager (Male) |
| 20:43 | Create | Villager (Male) |
| 20:52 | Build | Farm |
| 20:54 | Create | Villager (Male) |
| 20:54 | Create | Villager (Male) |
| 20:54 | Create | Villager (Male) |
| 20:57 | Build | Farm |
| 21:01 | Create | Villager (Male) |
| 21:08 | Build | House |
| 21:09 | Build | House |
| 21:15 | Build | Farm |
| 21:17 | Build | Farm |
| 21:19 | Create | Villager (Male) |
| 21:19 | Create | Villager (Male) |
| 21:20 | Create | Villager (Male) |
| 21:32 | Build | Farm |
| 21:33 | Create | Villager (Male) |
| 21:33 | Create | Villager (Male) |
| 21:33 | Create | Villager (Male) |
| 21:34 | Create | Villager (Male) |
| 21:34 | Build | Farm |
| 21:38 | Create | Villager (Male) |
| 21:38 | Create | Villager (Male) |
| 21:47 | Research | Horse Collar |
| 21:47 | Research | Horse Collar |
| 21:48 | Create | Villager (Male) |
| 21:49 | Create | Villager (Male) |
| 21:53 | Build | Farm |
| 21:57 | Build | Farm |
| 21:59 | Create | Villager (Male) |
| 22:04 | Build | Farm |
| 22:10 | Build | Farm |
| 22:10 | Create | Villager (Male) |
| 22:10 | Create | Villager (Male) |
| 22:19 | Create | Villager (Male) |
| 22:19 | Create | Villager (Male) |
| 22:28 | Create | Villager (Male) |
| 22:35 | Create | Villager (Male) |
| 22:38 | Build | Market |
| 22:45 | Build | Farm |
| 22:45 | Create | Villager (Male) |
| 22:45 | Create | Villager (Male) |
| 22:49 | Create | Elephant Archer |
| 22:49 | Create | Elephant Archer |
| 22:51 | Build | Farm |
| 22:52 | Build | Farm |
| 23:00 | Build | Farm |
| 23:06 | Create | Villager (Male) |
| 23:07 | Create | Villager (Male) |
| 23:09 | Build | Farm |
| 23:09 | Build | Farm |
| 23:11 | Build | Farm |
| 23:19 | Build | Archery Range |
| 23:20 | Create | Villager (Male) |
Build order — lillithadam20
120 actions detected in the replay
| 0:32 | Build | Town Center |
| 1:37 | Build | House |
| 2:38 | Create | Villager (Male) |
| 2:38 | Create | Villager (Male) |
| 2:39 | Create | Villager (Male) |
| 3:07 | Create | Villager (Male) |
| 3:55 | Build | House |
| 4:17 | Create | Villager (Male) |
| 4:18 | Create | Villager (Male) |
| 4:18 | Create | Villager (Male) |
| 4:37 | Build | Lumber Camp |
| 5:05 | Create | Villager (Male) |
| 5:05 | Create | Villager (Male) |
| 5:05 | Create | Villager (Male) |
| 6:05 | Build | House |
| 6:09 | Create | Villager (Male) |
| 6:09 | Create | Villager (Male) |
| 6:38 | Create | Villager (Male) |
| 6:39 | Create | Villager (Male) |
| 6:39 | Create | Villager (Male) |
| 6:39 | Create | Villager (Male) |
| 6:55 | Build | Mill |
| 7:05 | Create | Villager (Male) |
| 7:05 | Create | Villager (Male) |
| 7:32 | Create | Villager (Male) |
| 7:32 | Create | Villager (Male) |
| 7:52 | Create | Villager (Male) |
| 7:52 | Create | Villager (Male) |
| 8:16 | Build | House |
| 8:17 | Create | Villager (Male) |
| 8:18 | Create | Villager (Male) |
| 8:43 | Create | Villager (Male) |
| 8:54 | Build | Barracks |
| 9:15 | Create | Villager (Male) |
| 9:37 | Create | Villager (Male) |
| 9:59 | Create | Militia ×5 |
| 9:59 | Create | Militia ×5 |
| 10:00 | Create | Militia |
| 10:20 | Build | House |
| 10:22 | Create | Villager (Male) |
| 10:38 | Create | Villager (Male) |
| 10:53 | Create | Villager (Male) |
| 11:16 | Create | Villager (Male) |
| 11:24 | Build | House |
| 11:39 | Build | Mill |
| 11:44 | Create | Villager (Male) |
| 12:10 | Create | Villager (Male) |
| 12:43 | Create | Villager (Male) |
| 12:50 | Research | Loom |
| 12:51 | Research | Loom |
| 12:57 | Research | Feudal Age |
| 12:57 | Research | Feudal Age |
| 13:21 | Create | Militia ×3 |
| 13:21 | Create | Militia ×3 |
| 14:12 | Create | Militia ×2 |
| 14:12 | Create | Militia ×2 |
| 14:12 | Create | Militia ×2 |
| 15:29 | Age | Feudal Age |
| 15:32 | Research | Man-at-Arms (upgrade) |
| 15:32 | Research | Man-at-Arms (upgrade) |
| 15:51 | Create | Villager (Male) |
| 15:52 | Create | Villager (Male) |
| 15:54 | Build | Blacksmith |
| 15:59 | Build | Market |
| 16:29 | Create | Militia |
| 16:29 | Create | Militia |
| 17:46 | Research | Castle Age |
| 17:46 | Research | Castle Age |
| 18:09 | Create | Militia ×4 |
| 18:09 | Create | Militia ×4 |
| 18:28 | Build | Mill |
| 18:38 | Research | Double-Bit Axe |
| 18:38 | Research | Double-Bit Axe |
| 20:15 | Build | House |
| 20:16 | Build | House |
| 20:18 | Build | House |
| 20:26 | Age | Castle Age |
| 20:30 | Research | Long Swordsman (upgrade) |
| 20:30 | Research | Long Swordsman (upgrade) |
| 20:32 | Research | Scale Mail Armor |
| 20:32 | Research | Scale Mail Armor |
| 21:11 | Create | Villager (Male) |
| 21:11 | Create | Villager (Male) |
| 21:26 | Create | Militia ×5 |
| 21:26 | Create | Militia ×5 |
| 21:27 | Create | Militia ×3 |
| 21:27 | Create | Militia |
| 21:34 | Create | Villager (Male) |
| 21:52 | Build | Town Center |
| 22:17 | Create | Militia |
| 22:17 | Create | Militia |
| 22:18 | Create | Militia |
| 22:18 | Create | Militia |
| 22:56 | Create | Villager (Male) |
| 22:56 | Create | Villager (Male) |
| 23:36 | Build | House |
| 23:39 | Create | Villager (Male) |
| 24:24 | Create | Villager (Male) |
| 24:24 | Create | Villager (Male) |
| 24:33 | Build | Town Center |
| 24:39 | Research | Horse Collar |
| 24:39 | Research | Horse Collar |
| 24:46 | Build | Farm |
| 24:49 | Build | Farm |
| 24:55 | Create | Villager (Male) |
| 24:55 | Create | Villager (Male) |
| 24:58 | Create | Villager (Male) |
| 25:17 | Build | Farm |
| 26:41 | Research | Squires |
| 26:41 | Research | Squires |
| 26:41 | Research | Squires |
| 26:47 | Create | Villager (Male) |
| 26:48 | Create | Villager (Male) |
| 26:49 | Create | Villager (Male) |
| 26:49 | Create | Villager (Male) |
| 26:53 | Build | Farm |
| 26:55 | Build | Farm |
| 26:58 | Build | Farm |
| 27:00 | Build | Farm |
| 27:03 | Build | Farm |
Build order — Lord Snow
First 150 of 247 actions detected
| 0:17 | Build | Town Center |
| 2:10 | Build | House |
| 2:42 | Create | Villager (Male) |
| 2:42 | Create | Villager (Male) |
| 2:42 | Create | Villager (Male) |
| 2:43 | Create | Villager (Male) |
| 2:43 | Create | Villager (Male) |
| 2:43 | Create | Villager (Male) |
| 3:34 | Create | Villager (Male) |
| 3:51 | Create | Villager (Male) |
| 4:05 | Create | Villager (Male) |
| 4:44 | Build | House |
| 5:05 | Create | Villager (Male) |
| 5:06 | Create | Villager (Male) |
| 5:07 | Create | Villager (Male) |
| 5:08 | Create | Villager (Male) |
| 5:49 | Create | Villager (Male) |
| 6:00 | Create | Villager (Male) |
| 6:08 | Build | House |
| 6:12 | Build | House |
| 6:16 | Create | Villager (Male) |
| 6:42 | Create | Villager (Male) |
| 7:19 | Create | Villager (Male) |
| 7:31 | Build | Mule Cart |
| 7:39 | Create | Villager (Male) |
| 7:59 | Create | Villager (Male) |
| 8:10 | Create | Villager (Male) |
| 8:50 | Create | Villager (Male) |
| 9:17 | Create | Villager (Male) |
| 9:46 | Create | Villager (Male) |
| 10:07 | Build | Mill |
| 10:08 | Create | Villager (Male) |
| 10:35 | Build | House |
| 10:44 | Create | Villager (Male) |
| 11:00 | Research | Loom |
| 11:03 | Research | Feudal Age |
| 11:19 | Build | Palisade Wall |
| 11:51 | Create | Villager (Male) |
| 11:52 | Create | Villager (Male) |
| 12:21 | Build | Palisade Wall |
| 12:24 | Build | Palisade Wall |
| 12:28 | Build | Palisade Wall |
| 14:02 | Age | Feudal Age |
| 14:05 | Build | Market |
| 14:08 | Build | Blacksmith |
| 14:36 | Research | Double-Bit Axe |
| 14:53 | Research | Castle Age |
| 14:53 | Research | Castle Age |
| 14:53 | Research | Castle Age |
| 15:47 | Research | Stone Mining |
| 16:23 | Build | Mule Cart |
| 16:35 | Create | Villager (Male) |
| 16:52 | Create | Villager (Male) |
| 17:24 | Create | Villager (Male) |
| 17:33 | Age | Castle Age |
| 17:49 | Create | Villager (Male) |
| 17:58 | Build | Town Center |
| 18:33 | Build | Castle |
| 18:43 | Create | Villager (Male) |
| 18:45 | Build | House |
| 18:53 | Research | Bow Saw |
| 19:01 | Build | Farm |
| 19:02 | Create | Villager (Male) ×5 |
| 19:17 | Build | Farm |
| 19:20 | Build | Farm |
| 19:23 | Build | Farm |
| 19:30 | Build | Farm |
| 19:33 | Build | Farm |
| 19:57 | Create | Villager (Male) |
| 20:00 | Create | Villager (Male) ×2 |
| 20:12 | Build | Farm |
| 20:15 | Build | Farm |
| 20:25 | Build | Farm |
| 20:48 | Research | Bow Saw |
| 20:53 | Create | Villager (Male) ×2 |
| 21:01 | Build | Farm |
| 21:16 | Build | Farm |
| 21:18 | Create | Villager (Male) ×3 |
| 21:42 | Create | Villager (Male) ×2 |
| 22:09 | Build | Town Center |
| 22:21 | Create | Villager (Male) ×3 |
| 22:33 | Build | Farm |
| 22:36 | Build | Farm |
| 22:47 | Build | Farm |
| 22:52 | Create | Villager (Male) ×5 |
| 22:59 | Build | Farm |
| 23:03 | Build | Farm |
| 23:13 | Build | Farm |
| 23:15 | Create | Villager (Male) |
| 23:23 | Create | Villager (Male) |
| 23:30 | Build | Farm |
| 23:37 | Build | Farm |
| 23:42 | Create | Villager (Male) ×4 |
| 23:50 | Build | Monastery |
| 23:56 | Create | Monaspa |
| 23:56 | Create | Monaspa |
| 24:03 | Create | Villager (Male) ×2 |
| 24:08 | Build | Farm |
| 24:11 | Build | Farm |
| 24:15 | Build | Farm |
| 24:19 | Build | Farm |
| 24:28 | Build | Farm |
| 24:30 | Create | Villager (Male) ×3 |
| 24:36 | Create | Monk |
| 24:45 | Build | House |
| 24:47 | Build | House |
| 24:48 | Build | House |
| 24:49 | Build | House |
| 25:02 | Research | Wheelbarrow |
| 25:02 | Research | Wheelbarrow |
| 25:02 | Research | Wheelbarrow |
| 25:08 | Build | Farm |
| 25:13 | Research | Horse Collar |
| 25:13 | Research | Horse Collar |
| 25:33 | Build | Farm |
| 25:34 | Create | Villager (Male) ×3 |
| 25:45 | Create | Monk |
| 25:58 | Research | Scale Barding Armor |
| 26:02 | Build | Farm |
| 26:05 | Create | Monaspa ×3 |
| 26:05 | Create | Monaspa ×3 |
| 26:11 | Build | Farm |
| 26:15 | Build | Farm |
| 26:19 | Build | Farm |
| 26:25 | Build | Farm |
| 26:27 | Create | Villager (Male) ×4 |
| 26:34 | Research | Heavy Plow |
| 26:38 | Build | House |
| 26:39 | Build | House |
| 26:41 | Build | House |
| 26:43 | Build | House |
| 26:47 | Build | Farm |
| 26:51 | Build | Farm |
| 26:55 | Create | Monaspa |
| 26:56 | Create | Monaspa |
| 26:58 | Create | Villager (Male) ×3 |
| 27:10 | Create | Monaspa ×2 |
| 27:28 | Create | Monaspa |
| 27:45 | Create | Villager (Male) ×5 |
| 27:46 | Create | Villager (Male) ×5 |
| 28:02 | Build | Farm |
| 28:02 | Build | Farm |
| 28:03 | Build | Farm |
| 28:03 | Build | Farm |
| 28:03 | Build | Farm |
| 28:03 | Build | Farm |
| 28:04 | Build | Farm |
| 28:04 | Build | Farm |
| 28:04 | Build | Farm |
| 28:04 | Build | Farm |
Match timeline
| 6:53 | 700w · wall_segment Palisade Wall x1 |
| 8:32 | VIT | Hera · wall_segment Palisade Wall x1 |
| 8:54 | lillithadam20 · first_building Barracks |
| 10:21 | 700w · wall_segment Palisade Wall x1 |
| 11:19 | Lord Snow · wall_segment Palisade Wall x14 |
| 11:55 | 700w · first_building Barracks |
| 12:10 | GreenBeret · first_building Barracks |
| 12:21 | Lord Snow · wall_segment Palisade Wall x5 |
| 12:24 | Lord Snow · wall_segment Palisade Wall x5 |
| 12:28 | Lord Snow · wall_segment Palisade Wall x7 |
| 12:56 | VIT | Hera · age_up feudal |
| 13:48 | VIT | Hera · first_market_sell 100 stone |
| 13:55 | 天空6 · age_up feudal |
| 13:56 | noloomregret · wall_segment Palisade Wall x7 |
| 14:01 | GreenBeret · age_up feudal |
| 14:02 | Lord Snow · age_up feudal |
| 14:07 | JokaDaJesta · age_up feudal |
| 14:09 | GreenBeret · first_building Archery Range |
| 14:16 | VIT | Hera · wall_segment Palisade Wall x1 |
| 14:27 | noloomregret · wall_segment Palisade Wall x9 |
| 14:32 | noloomregret · wall_segment Palisade Wall x16 |
| 14:50 | VIT | Hera · wall_segment Palisade Wall x1 |
| 14:51 | noloomregret · wall_segment Palisade Wall x39 |
| 14:51 | VIT | Hera · wall_segment Palisade Wall x1 |
| 14:57 | VIT | Hera · wall_segment Palisade Wall x1 |
| 14:58 | VIT | Hera · wall_segment Palisade Wall x1 |
| 15:00 | VIT | Hera · wall_segment Palisade Wall x1 |
| 15:28 | 700w · age_up feudal |
| 15:29 | lillithadam20 · age_up feudal |
| 15:35 | JokaDaJesta · first_building Barracks |
| 15:35 | VIT | Hera · wall_segment Palisade Wall x1 |
| 15:45 | noloomregret · age_up feudal |
| 16:02 | noloomregret · wall_segment Palisade Wall x1 |
| 16:29 | VIT | Hera · age_up castle |
| 17:06 | JokaDaJesta · first_building Stable |
| 17:10 | 700w · wall_segment Palisade Wall x1 |
| 17:11 | 700w · wall_segment Palisade Wall x1 |
| 17:12 | 700w · wall_segment Palisade Wall x1 |
| 17:12 | 700w · wall_segment Palisade Wall x1 |
| 17:13 | 700w · wall_segment Palisade Wall x1 |
| 17:30 | VIT | Hera · first_building Castle |
| 17:33 | Lord Snow · age_up castle |
| 17:34 | GreenBeret · age_up castle |
| 17:40 | lillithadam20 · first_market_sell 100 stone |
| 17:42 | VIT | Hera · wall_segment Palisade Wall x1 |
| 17:50 | noloomregret · wall_segment Palisade Wall x1 |
| 17:50 | 天空6 · age_up castle |
| 17:52 | 天空6 · first_building Castle |
| 18:02 | Lord Snow · first_market_buy 100 stone |
| 18:02 | JokaDaJesta · age_up castle |
| 18:33 | Lord Snow · first_building Castle |
| 19:40 | noloomregret · age_up castle |
| 20:26 | lillithadam20 · age_up castle |
| 21:40 | lillithadam20 · first_market_buy 100 stone |
| 22:23 | JokaDaJesta · first_market_buy 100 food |
| 23:29 | VIT | Hera · first_building Barracks |
| 23:34 | VIT | Hera · first_building Monastery |
| 23:43 | GreenBeret · first_market_buy 100 food |
| 23:48 | noloomregret · first_building Barracks |
| 23:50 | Lord Snow · first_building Monastery |
| 24:00 | 天空6 · first_building Barracks |
| 24:36 | VIT | Hera · first_building Stable |
| 24:36 | GreenBeret · first_market_sell 100 wood |
| 24:50 | 700w · age_up castle |
| 25:18 | noloomregret · tribute_sent a jugador 1 |
| 25:18 | noloomregret · tribute_sent a jugador 2 |
| 25:18 | noloomregret · tribute_sent a jugador 3 |
| 25:18 | noloomregret · tribute_sent a jugador 5 |
| 25:18 | noloomregret · tribute_sent a jugador 6 |
| 25:18 | noloomregret · tribute_sent a jugador 7 |
| 25:18 | noloomregret · tribute_sent a jugador 8 |
| 25:46 | 700w · first_market_buy 100 stone |
| 26:42 | 700w · first_building Castle |
| 27:31 | lillithadam20 · resign |
| 28:06 | 天空6 · first_building Stable |
| 28:24 | VIT | Hera · first_market_buy 100 stone |
| 28:35 | GreenBeret · first_building Castle |
| 29:00 | GreenBeret · first_building Stable |
| 30:25 | noloomregret · tribute_sent a jugador 1 |
| 30:25 | noloomregret · tribute_sent a jugador 2 |
| 30:25 | noloomregret · tribute_sent a jugador 3 |
| 30:25 | noloomregret · tribute_sent a jugador 5 |
| 30:25 | noloomregret · tribute_sent a jugador 6 |
| 30:25 | noloomregret · tribute_sent a jugador 7 |
| 30:25 | noloomregret · tribute_sent a jugador 8 |
| 30:33 | Lord Snow · first_market_sell 100 wood |
| 30:56 | noloomregret · first_building Stable |
| 31:16 | noloomregret · first_market_sell 100 food |
| 31:21 | 天空6 · first_building Monastery |
| 31:45 | Lord Snow · first_building Barracks |
| 31:59 | JokaDaJesta · first_building Archery Range |
| 32:31 | Lord Snow · first_building Stable |
| 33:23 | 天空6 · first_building Siege Workshop |
| 33:27 | VIT | Hera · first_building Archery Range |
| 33:39 | JokaDaJesta · first_building Castle |
| 34:36 | noloomregret · age_up imperial |
| 34:36 | noloomregret · first_building Castle |
| 36:28 | GreenBeret · age_up imperial |
| 36:32 | 700w · first_market_sell 500 food |
| 36:58 | Lord Snow · age_up imperial |
| 38:12 | noloomregret · tribute_sent a jugador 1 |
| 38:12 | noloomregret · tribute_sent a jugador 2 |
| 38:12 | noloomregret · tribute_sent a jugador 3 |
| 38:12 | noloomregret · tribute_sent a jugador 5 |
| 38:12 | noloomregret · tribute_sent a jugador 6 |
| 38:12 | noloomregret · tribute_sent a jugador 7 |
| 38:12 | noloomregret · tribute_sent a jugador 8 |
| 38:35 | GreenBeret · tribute_sent a jugador 1 |
| 38:35 | GreenBeret · tribute_sent a jugador 2 |
| 38:35 | GreenBeret · tribute_sent a jugador 3 |
| 38:35 | GreenBeret · tribute_sent a jugador 4 |
| 38:35 | GreenBeret · tribute_sent a jugador 5 |
| 38:35 | GreenBeret · tribute_sent a jugador 7 |
| 38:35 | GreenBeret · tribute_sent a jugador 8 |
| 39:10 | GreenBeret · tribute_sent a jugador 1 |
| 39:10 | GreenBeret · tribute_sent a jugador 2 |
| 39:10 | GreenBeret · tribute_sent a jugador 3 |
| 39:10 | GreenBeret · tribute_sent a jugador 4 |
| 39:10 | GreenBeret · tribute_sent a jugador 5 |
| 39:10 | GreenBeret · tribute_sent a jugador 7 |
| 39:10 | GreenBeret · tribute_sent a jugador 8 |
| 39:17 | GreenBeret · tribute_sent a jugador 1 |
| 39:17 | GreenBeret · tribute_sent a jugador 2 |
| 39:17 | GreenBeret · tribute_sent a jugador 3 |
| 39:17 | GreenBeret · tribute_sent a jugador 4 |
| 39:17 | GreenBeret · tribute_sent a jugador 5 |
| 39:17 | GreenBeret · tribute_sent a jugador 7 |
| 39:17 | GreenBeret · tribute_sent a jugador 8 |
[ AI ANALYSIS · 1 CREDIT ]
What really happened in this match?
Wolo.gg analyzes every decision: build order, eco, micro, common mistakes by bracket. Personalized analysis on WhatsApp or Discord in 30 seconds.
Civ guide
Byzantines
Perfil
Jugador #1567202